AoeStats
← Bandolero

Hideout

510232321Analyzed
1v1 RM · 13h ago on Sep 30, 2026· 40m 44s· 2 players
Game mode
Random Map
Map size
Tiny (2 player)
Population
200
Speed
Normal
Resources
Standard
Victory
Conquest
Starting age
Dark Age
Ending age
Imperial Age
RankedLock teamsTeams togetherTeam positionsShared explorationLock speedFull tech treeHidden civsTurbo modeCheats
Victory
Defeat
🇲🇽 Bulgarians · Mexico
1334
+18
🇦🇷 Magyars · Argentina
1374
-18
TF9
9:16 Feudal Age
10:12 Double-Bit Axe
10:33 Horse Collar
12:18 Arson
14:14 Forging
15:45 Scale Mail Armor
16:26 Fletching
18:11 Padded Archer Armor
18:13 Loom
21:53 Castle Age
22:38 Bodkin Arrow
23:10 Elite Skirmisher
26:08 Ballistics
26:11 Bow Saw
26:16 Squires
26:59 Wheelbarrow
26:12 Town Watch
27:06 Leather Archer Armor
31:07 Heavy Plow
31:37 Masonry
31:53 Stone Mining
33:00 Iron Casting
37:35 Imperial Age
35:27 Gambesons
37:24 Chain Mail Armor
38:23 Bracer
41:28 Blast Furnace
41:37 Plate Mail Armor
Bandolero
9:24 Feudal Age
10:28 Double-Bit Axe
13:56 Fletching
21:23 Castle Age
19:53 Gold Mining
20:45 Padded Archer Armor
22:03 Bodkin Arrow
23:25 Gold Shaft Mining
24:57 Husbandry
25:30 Scale Barding Armor
26:45 Bloodlines
31:22 Chain Barding Armor
37:25 Wheelbarrow
36:36 Town Watch
42:57 Imperial Age
Connection lost

Rejoining the realm…

Still unreachable

The connection could not be restored.

Session expired

The server has moved on; the page needs a fresh start.